Unix NetHack Version 5.0.0-0 post-release - last build May 23 2026 06:08:33 (1c0ff79ee797540d5714e4e18072db0edd9e58ae,branch:main).

Game began 2026-05-24 16:20:14, ended 2026-05-24 16:31:27.

Eymerich, chaotic male elven Priest

                    ---------------                            ---------------
                    |.(..._.......|                  ------   #-@)[))[)))).))|
   ---------        |.............|               ###.....|   #|.)).)@)))))f)|
   |((.....|       #..............-#########     ##  |....|   #|.[)))m))[))).|
   |(..<...|       #|.............|##   ---.---  #   |....|   #|)))))))))[[)[|
   |.......|       #----|--.-----.-     ......|  #   |....|  ##---------------
   |.......|   #####                    |.....-###   |....|  #
   |.......|   #                        |.....|      -.----  #
   -------|- ###                        ......|       ###    #
          #  #                          |..>..|         ##   #
       ####  #                          -------          #   #
       #     #                                           #   #
       #    ##                                           #   #
      ##   ##                                          --|---#
     -|----#                                           |.....#
     |....|#                                           |.(..|
     |.....#                                           |....|
     |....|                                            ------
     ------

Eymerich the Acolyte         St:9 Dx:13 Co:13 In:10 Wi:20 Ch:12  Chaotic
Dlvl:2  $:54 HP:0(21) Pw:51(51) AC:9  Xp:3 T:1106 

Latest messages:
 Puffa picks up an elven arrow.
 What do you want to take off? [ck or ?*]
 You were wearing a +0 small shield.
 What do you want to drop? [$a-lnprtuw-y or ?*]
 You drop a +0 small shield.
 Pons offers 2 gold pieces for your small shield.  Sell it? [ynaq] (n)
 You sold a +0 small shield for 2 gold pieces.
 "For you, esteemed hir; only 40 zorkmids for this pair of combat boots."
 B - a cursed pair of combat boots (unpaid, 40 zorkmids).
 Puffa drops an elven arrow.
 You see here an iron skull cap (for sale, 10 zorkmids).
 You see here 7 darts (for sale, 84 zorkmids).
 You see here 6 cursed crossbow bolts (for sale, 12 zorkmids).
 What do you want to drop? [$abd-lnprtuw-yB or ?*]
 You drop a cursed pair of combat boots (unpaid, 40 zorkmids).
 You see here a war hammer (for sale, 5 zorkmids).
 You see here a cursed stiletto (for sale, 4 zorkmids).
 You see here a mace (for sale, 5 zorkmids).
 You see here a long sword (for sale, 15 zorkmids).
 You see here a splint mail (for sale, 80 zorkmids).
 Puffa picks up a blessed flail.
 Puffa drops a blessed flail.
 You see here a spear (for sale, 3 zorkmids).
 Puffa picks up a crude spear.
 You see here a long sword (for sale, 15 zorkmids).
 You see here a rotted crude bow (for sale, 70 zorkmids).
 Puffa drops a crude spear.
 You see here 7 corroded crude arrows (for sale, 14 zorkmids).
 Puffa picks up a crossbow bolt.
 You see here 11 elven arrows (for sale, 22 zorkmids).
 That strange object is a small mimic!
 Puffa drops a crossbow bolt.
 The small mimic hits!
 You hit the small mimic!
 You hit the small mimic!
 You hit the small mimic!
 You hit the small mimic.
 You hit the small mimic!
 You hit the small mimic.
 The small mimic hits!
 You miss the small mimic.
 Puffa picks up a war hammer.
 The small mimic hits!
 You die...
 Pons gratefully inherits all your possessions.
 Do you want to see what you had when you died? [ynq] (y)
 Do you want to see your attributes? [ynq] (y)
 Do you want an account of creatures vanquished? [ynaq] (y)
 Do you want to see your conduct and achievements? [ynq] (y)
 Do you want to see the dungeon overview? [ynq] (y)

Inventory:
 Coins    ('$')
  $ - 54 gold pieces
 Weapons  (')')
  t - a +0 dagger
  j - 3 +0 orcish daggers
  a - a blessed +1 mace (weapon in right hand)
 Armor    ('[')
  k - a +0 orcish helm (being worn)
  b - a blessed +0 robe
 Comestibles  ('%')
  e - a clove of garlic
  u - a food ration
  f - a sprig of wolfsbane
 Scrolls  ('?')
  x - a scroll of blank paper
  l - a scroll of create monster
 Spellbooks  ('+')
  h - a spellbook of create monster
  y - a spellbook of detect food
  g - a spellbook of detect monsters
 Potions  ('!')
  w - a potion of sleeping
  d - 4 potions of holy water
 Tools    ('(')
  i - a bugle
  r - a stethoscope
 Gems/Stones  ('*')
  p - a cursed worthless piece of red glass
  n - 8 rocks

Eymerich the Priest's attributes:

Background:
 You were an Acolyte, a level 3 elven Priest.
 You were chaotic, nominally on a mission for Anhur
 who was opposed by Ptah (lawful) and Thoth (neutral).
 You were right-handed.
 You were in the Dungeons of Doom, on level 2.
 You entered the dungeon 1106 turns ago.
 You had 41 experience points, 39 more were needed to attain level 4.

Basics:
 You had 0 out of 21 hit points.
 You had all 51 energy points (spell power).
 Your armor class was 9.
 Your wallet contained 54 zorkmids.
 Autopickup was off.

Final Characteristics:
 Your strength was 9 (limit:18).
 Your dexterity was 13 (limit:18).
 Your constitution was 13 (limit:16).
 Your intelligence was 10 (limit:20).
 Your wisdom was 20 (limit:20).
 Your charisma was 12 (limit:18).

Final Status:
 You weren't hungry.
 You were unencumbered.
 You were wielding a mace.
 You had basic skill with mace.

Final Attributes:
 You were devoutly aligned.
 You were poison resistant.
 You had infravision.
 You are dead.

Miscellaneous:
 You didn't encounter any bones levels.
 Total elapsed playing time was 11 minutes and 11 seconds.

Major events:
 Turn
    1: Eymerich the chaotic elven Priest entered the dungeon
 1059: attained the rank of Acolyte (level 3)
 1106: killed by a small mimic

Spells:
 Name                 Level Category     Fail Retention
 detect monsters        1   divination     3%  76%-100%
 create monster         2   clerical       3%  91%-100%

Skills:
 Fighting Skills
   bare handed combat [Unskilled]
 Weapon Skills
   club               [Unskilled]
   mace               [Basic]
   morning star       [Unskilled]
   flail              [Unskilled]
   hammer             [Unskilled]
   quarterstaff       [Unskilled]
   polearms           [Unskilled]
   spear              [Unskilled]
   trident            [Unskilled]
   lance              [Unskilled]
   bow                [Unskilled]
   sling              [Unskilled]
   crossbow           [Unskilled]
   dart               [Unskilled]
   shuriken           [Unskilled]
   boomerang          [Unskilled]
   unicorn horn       [Unskilled]
 Spellcasting Skills
   healing spells     [Unskilled]
   divination spells  [Unskilled]
   clerical spells    [Basic]

Voluntary challenges:
 Character rerolling was not enabled.
 You were an atheist.
 You were illiterate.
 You never genocided any monsters.
 You never polymorphed an object.
 You never changed form.
 You used no wishes.
Achievements:
 You entered a shop.
 You attained the rank of Acolyte.

 The Dungeons of Doom: levels 1 to 2
    Level 1:
       A fountain.
    Level 2: <- You were here.
       A weapon shop, an altar to Anhur.
       Final resting place for
          you, killed by a small mimic.


Vanquished creatures:
  a shrieker
  a jackal
  4 goblins
  2 sewer rats
  3 grid bugs
  2 lichens
  4 newts
17 creatures vanquished.

No species were genocided or became extinct.

Game over:
                       ----------
                      /          \
                     /    REST    \
                    /      IN      \
                   /     PEACE      \
                  /                  \
                  |     Eymerich     |
                  |      54 Au       |
                  |   killed by a    |
                  |   small mimic    |
                  |                  |
                  |                  |
                  |       2026       |
                 *|     *  *  *      | *
        _________)/\\_//(\/(/\)/\//\/|_)_______

Goodbye Eymerich the Priest...

You died in The Dungeons of Doom on dungeon level 2 with 263 points,
and 54 pieces of gold, after 1106 moves.
You were level 3 with a maximum of 21 hit points when you died.

